HSSL
COWETA HS TIGERS @ MADAWASKA VALLEY HS WOLVES
05/04/2028
 
TOP OF THE 1ST
Coweta HS Tigers batting - Pitching for Madawaska Valley HS Wolves : RHP Jeff Pollard
Pitching: RHP Jeff Pollard
Batting: LHB Jamie Walker 0-0: Ball
1-0: Called Strike
1-1: Foul Ball, location: 2F
1-2: Foul Ball, location: 2F
1-2: Fly out, F8 (Flyball, 8LS)
Batting: RHB José Avilés 0-0: Ball
1-0: Swinging Strike
1-1: Called Strike
1-2: Foul Ball, location: 2F
1-2: SINGLE (Line Drive, 6MD)
Batting: RHB Javier Escalante 0-0: Called Strike
0-1: Fly out, F9 (Flyball, 9LS)
Batting: LHB Vito Ramírez 0-0: Called Strike
0-1: Ball
1-1: Ball
2-1: Ball
3-1: Base on Balls
José Avilés to second
Batting: RHB Dan Britt 0-0: Ball
1-0: Ball
2-0: Ball
3-0: Base on Balls
José Avilés to third
Vito Ramírez to second
Batting: RHB Garth O'Flahavan 0-0: Ball
1-0: Ball
2-0: Swinging Strike
2-1: Foul Ball, location: 2F
2-2: Strikes out swinging
Top of the 1st over - 0 run(s), 1 hit(s), 0 error(s), 3 left on base; Coweta HS 0 - Madawaska Valley HS 0
BOTTOM OF THE 1ST
Madawaska Valley HS Wolves batting - Pitching for Coweta HS Tigers : LHP Danny Campbell
Pitching: LHP Danny Campbell
Batting: RHB Bob Colbert 0-0: Ground out 6-3 (Groundball, 6S)
Batting: SHB Jason Dundee 0-0: Called Strike
0-1: Ball
1-1: Foul Ball, location: 2F
1-2: Ball
2-2: Ball
3-2: Fly out, F8 (Flyball, 8RM)
Batting: LHB Carl Childs 0-0: Ball
1-0: Called Strike
1-1: Swinging Strike
1-2: Ball
2-2: Strikes out swinging
Bottom of the 1st over - 0 run(s), 0 hit(s), 0 error(s), 0 left on base; Coweta HS 0 - Madawaska Valley HS 0
TOP OF THE 2ND
Coweta HS Tigers batting - Pitching for Madawaska Valley HS Wolves : RHP Jeff Pollard
Batting: SHB Mike Bryant 0-0: Ball
1-0: Called Strike
1-1: Called Strike
1-2: Foul Ball, location: 2F
1-2: Strikes out looking
Batting: LHB Joe Mobley 0-0: Called Strike
0-1: Foul Ball, location: 2F
0-2: Strikes out looking
Batting: RHB Todd Slater 0-0: Ground out 4-3 (Groundball, 4S)
Top of the 2nd over - 0 run(s), 0 hit(s), 0 error(s), 0 left on base; Coweta HS 0 - Madawaska Valley HS 0
BOTTOM OF THE 2ND
Madawaska Valley HS Wolves batting - Pitching for Coweta HS Tigers : LHP Danny Campbell
Batting: LHB Ricardo Carrillo 0-0: Ground out 1-3 (Groundball, 13)
Pitching: LHP Martin Goodwyn
Batting: LHB Marvin Martin 0-0: Ball
1-0: Ball
2-0: Called Strike
2-1: Ball
3-1: Ground out 6-3 (Groundball, 6)
Batting: RHB Alberto Flores 0-0: Ball
1-0: Fly out, F7 (Flyball, 7)
Bottom of the 2nd over - 0 run(s), 0 hit(s), 0 error(s), 0 left on base; Coweta HS 0 - Madawaska Valley HS 0
TOP OF THE 3RD
Coweta HS Tigers batting - Pitching for Madawaska Valley HS Wolves : RHP Jeff Pollard
Batting: LHB Jamie Walker 0-0: Hit by Pitch
Batting: RHB José Avilés 0-0: Ball
Throwing error on steal attempt, E2
Jamie Walker to third
1-0: Foul Ball, location: 2F
1-1: Called Strike
1-2: Ground out 5-3 (Groundball, 56)
Jamie Walker scores
Batting: RHB Javier Escalante 0-0: Ball
1-0: Called Strike
1-1: Swinging Strike
1-2: Ball
2-2: Foul Ball, location: 2F
2-2: Ball
3-2: Foul Ball, location: 2F
3-2: Foul Ball, location: 2F
3-2: Foul Ball, location: 2F
3-2: Base on Balls
Batting: LHB Vito Ramírez 0-0: Ball
1-0: Ball
2-0: Swinging Strike
2-1: Ball
3-1: Base on Balls
Javier Escalante to second
Batting: RHB Dan Britt 0-0: Ball
1-0: DOUBLE (Flyball, 8RD)
Javier Escalante scores
Vito Ramírez to third
Runner from 3rd tries for Home, SAFE, no throw
Batting: RHB Garth O'Flahavan 0-0: Ball
1-0: Swinging Strike
1-1: Foul Ball, location: 2F
1-2: Foul Ball, location: 2F
1-2: Ball
2-2: Foul Ball, location: 2F
2-2: Fly out, F9 (Flyball, 9LSF)
Batting: SHB Mike Bryant 0-0: Called Strike
0-1: Fly out, F2 (Popup, 2L)
Top of the 3rd over - 3 run(s), 1 hit(s), 1 error(s), 1 left on base; Coweta HS 3 - Madawaska Valley HS 0
BOTTOM OF THE 3RD
Madawaska Valley HS Wolves batting - Pitching for Coweta HS Tigers : LHP Martin Goodwyn
Batting: RHB Adam Carpenter 0-0: Ball
1-0: Fly out, F4 (Line Drive, 4M)
Batting: SHB Gordon Beatty 0-0: Ball
1-0: Foul Ball, location: 2F
1-1: Foul Ball, location: 2F
1-2: Foul Ball, location: 2F
1-2: Ball
2-2: Ball
3-2: Strikes out swinging
Batting: RHB David Simmons 0-0: Ball
1-0: Ball
2-0: Ground out U3 (Groundball, 34)
Bottom of the 3rd over - 0 run(s), 0 hit(s), 0 error(s), 0 left on base; Coweta HS 3 - Madawaska Valley HS 0
TOP OF THE 4TH
Coweta HS Tigers batting - Pitching for Madawaska Valley HS Wolves : RHP Jeff Pollard
Batting: LHB Joe Mobley 0-0: Ground out 4-3 (Groundball, 34)
Batting: RHB Todd Slater 0-0: Ball
1-0: Ball
2-0: Called Strike
2-1: Ball
3-1: Base on Balls
Batting: LHB Jamie Walker 0-0: Ball
Throwing error on steal attempt, E2
Todd Slater to third
1-0: Ball
2-0: Ball
3-0: Base on Balls
Batting: RHB José Avilés 0-0: Called Strike
0-1: Fly out, F9 (Flyball, 9S)
Batting: RHB Javier Escalante 0-0: Ball
1-0: Swinging Strike
1-1: Ball
2-1: SINGLE (Groundball, P) (infield hit)
Todd Slater scores
Jamie Walker to second
Pitching: RHP Vincente León
Batting: LHB Vito Ramírez 0-0: Ball
1-0: Foul Ball, location: 2F
1-1: Ball
2-1: Foul Ball, location: 2F
2-2: Foul Ball, location: 2F
2-2: Foul Ball, location: 2F
2-2: Ball
3-2: Base on Balls
Jamie Walker to third
Javier Escalante to second
Batting: RHB Dan Britt 0-0: Swinging Strike
0-1: Called Strike
0-2: Ball
1-2: Strikes out swinging
Top of the 4th over - 1 run(s), 1 hit(s), 1 error(s), 3 left on base; Coweta HS 4 - Madawaska Valley HS 0
BOTTOM OF THE 4TH
Madawaska Valley HS Wolves batting - Pitching for Coweta HS Tigers : LHP Martin Goodwyn
Batting: RHB Bob Colbert 0-0: Fly out, F8 (Line Drive, 8LM)
Batting: SHB Jason Dundee 0-0: Ball
1-0: Foul Ball, location: 2F
1-1: Ball
2-1: Ball
3-1: Fly out, F7 (Line Drive, 7)
Batting: LHB Carl Childs 0-0: Called Strike
0-1: Ball
1-1: Hit by Pitch
Batting: LHB Ricardo Carrillo 0-0: Ball
1-0: Ball
2-0: Ball
3-0: Called Strike
3-1: Fly out, F7 (Flyball, 78S)
Bottom of the 4th over - 0 run(s), 0 hit(s), 0 error(s), 1 left on base; Coweta HS 4 - Madawaska Valley HS 0
TOP OF THE 5TH
Coweta HS Tigers batting - Pitching for Madawaska Valley HS Wolves : RHP Vincente León
Batting: RHB Garth O'Flahavan 0-0: Ball
1-0: Ball
2-0: Foul Ball, location: 2F
2-1: Swinging Strike
2-2: Strikes out swinging
Batting: SHB Mike Bryant 0-0: Ball
1-0: Foul Ball, location: 2F
1-1: SOLO HOME RUN (Flyball, 7LD), Distance : 343 ft
Batting: LHB Joe Mobley 0-0: Fly out, F2 (Popup, 23)
Batting: RHB Todd Slater 0-0: Ball
1-0: Ball
2-0: Called Strike
2-1: Ball
3-1: Base on Balls
Batting: LHB Jamie Walker 0-0: Ball
1-0: Foul Ball, location: 2F
1-1: Foul Ball, location: 2F
1-2: Strikes out swinging
Top of the 5th over - 1 run(s), 1 hit(s), 0 error(s), 1 left on base; Coweta HS 5 - Madawaska Valley HS 0
BOTTOM OF THE 5TH
Madawaska Valley HS Wolves batting - Pitching for Coweta HS Tigers : LHP Martin Goodwyn
Batting: LHB Marvin Martin 0-0: Foul Ball, location: 2F
0-1: Ball
1-1: Foul Ball, location: 2F
1-2: Ball
2-2: Ground out 3-1 (Groundball, 34)
Batting: RHB Alberto Flores 0-0: Ground out 6-3 (Groundball, 6)
Batting: RHB Adam Carpenter 0-0: Swinging Strike
0-1: Ball
1-1: Swinging Strike
1-2: Strikes out swinging
Bottom of the 5th over - 0 run(s), 0 hit(s), 0 error(s), 0 left on base; Coweta HS 5 - Madawaska Valley HS 0
TOP OF THE 6TH
Coweta HS Tigers batting - Pitching for Madawaska Valley HS Wolves : RHP Vincente León
Batting: RHB José Avilés 0-0: Ground out 5-3 (Groundball, 56)
Batting: RHB Javier Escalante 0-0: Called Strike
0-1: Ball
1-1: Swinging Strike
1-2: Ball
2-2: Ball
3-2: Foul Ball, location: 2F
3-2: Base on Balls
Pitching: RHP Peyton Lill
Batting: LHB Vito Ramírez 0-0: Ball
Wild Pitch!
Javier Escalante to second
1-0: Ball
2-0: Ball
3-0: Base on Balls
Batting: RHB Dan Britt 0-0: Ball
1-0: Ball
2-0: Called Strike
2-1: Called Strike
2-2: Ball
3-2: Fly out, F9 (Flyball, 89S)
Batting: RHB Garth O'Flahavan 0-0: Called Strike
0-1: Ball
1-1: Ball
2-1: Foul Ball, location: 2F
2-2: Strikes out swinging
Top of the 6th over - 0 run(s), 0 hit(s), 0 error(s), 2 left on base; Coweta HS 5 - Madawaska Valley HS 0
BOTTOM OF THE 6TH
Madawaska Valley HS Wolves batting - Pitching for Coweta HS Tigers : LHP Martin Goodwyn
Batting: SHB Gordon Beatty 0-0: Called Strike
0-1: Ball
1-1: Foul Ball, location: 2F
1-2: Foul Ball, location: 2F
1-2: Ground out 5-3 (Groundball, 56S)
Pitching: RHP Ralph Lee
Batting: RHB David Simmons 0-0: Called Strike
0-1: Ball
1-1: Foul Ball, location: 2F
1-2: Strikes out swinging
Batting: RHB Bob Colbert 0-0: Ground out 6-3 (Groundball, 6M)
Bottom of the 6th over - 0 run(s), 0 hit(s), 0 error(s), 0 left on base; Coweta HS 5 - Madawaska Valley HS 0
TOP OF THE 7TH
Coweta HS Tigers batting - Pitching for Madawaska Valley HS Wolves : RHP Peyton Lill
Batting: SHB Mike Bryant 0-0: Called Strike
0-1: Ball
1-1: DOUBLE (Flyball, 7LM)
Batting: LHB Joe Mobley 0-0: Ball
1-0: Foul Ball, location: 2F
1-1: Ball
2-1: Ground out 4-3 (Groundball, 4S)
Mike Bryant to third
Batting: RHB Todd Slater 0-0: Ball
1-0: SINGLE (Line Drive, 4D)
Mike Bryant scores
Batting: LHB Jamie Walker 0-0: Called Strike
Todd Slater steals 2nd base
0-1: Foul Ball, location: 2F
0-2: Strikes out swinging
Batting: RHB José Avilés 0-0: Foul Ball, location: 2F
0-1: Ball
1-1: Called Strike
1-2: Ball
2-2: Ball
3-2: SINGLE (Flyball, 3D)
Todd Slater to third
Todd Slater scores
Batting: RHB Javier Escalante 0-0: Ball
1-0: Foul Ball, location: 2F
1-1: Ball
2-1: Foul Ball, location: 2F
2-2: Foul Ball, location: 2F
2-2: Fly out, F7 (Flyball, 7D)
Top of the 7th over - 2 run(s), 3 hit(s), 0 error(s), 1 left on base; Coweta HS 7 - Madawaska Valley HS 0
BOTTOM OF THE 7TH
Madawaska Valley HS Wolves batting - Pitching for Coweta HS Tigers : RHP Ralph Lee
Batting: SHB Jason Dundee 0-0: Called Strike
0-1: Ball
1-1: Foul Ball, location: 2F
1-2: Ball
2-2: Ball
3-2: Fly out, F4 (Popup, 4D)
Batting: LHB Carl Childs 0-0: Ball
1-0: Fly out, F8 (Flyball, 8RM)
Batting: LHB Ricardo Carrillo 0-0: Foul Ball, location: 2F
0-1: Ball
1-1: Swinging Strike
1-2: Ball
2-2: SINGLE (Line Drive, 34)
Batting: LHB Marvin Martin 0-0: Ball
1-0: Foul Ball, location: 2F
1-1: Ball
2-1: SINGLE (Groundball, 34D)
Ricardo Carrillo to second
Runner from 2nd tries for 3rd, SAFE, no throw
Batting: RHB Alberto Flores 0-0: Foul Ball, location: 2F
0-1: Ball
1-1: Ball
2-1: Ball
3-1: Base on Balls
Marvin Martin to second
Batting: RHB Adam Carpenter 0-0: Ball
1-0: Swinging Strike
1-1: Ball
2-1: Foul Ball, location: 2F
2-2: Strikes out swinging
Bottom of the 7th over - 0 run(s), 2 hit(s), 0 error(s), 3 left on base; Coweta HS 7 - Madawaska Valley HS 0
TOP OF THE 8TH
Coweta HS Tigers batting - Pitching for Madawaska Valley HS Wolves : RHP Peyton Lill
Batting: LHB Vito Ramírez 0-0: Ball
1-0: Called Strike
1-1: Foul Ball, location: 2F
1-2: Ball
2-2: Strikes out swinging
Batting: RHB Dan Britt 0-0: Ball
1-0: Ball
2-0: Foul Ball, location: 2F
2-1: Swinging Strike
2-2: Ground out 6-3 (Groundball, 6)
Batting: RHB Garth O'Flahavan 0-0: Fly out, F8 (Flyball, 8RS)
Top of the 8th over - 0 run(s), 0 hit(s), 0 error(s), 0 left on base; Coweta HS 7 - Madawaska Valley HS 0
BOTTOM OF THE 8TH
Madawaska Valley HS Wolves batting - Pitching for Coweta HS Tigers : RHP Ralph Lee
Batting: SHB Gordon Beatty 0-0: Ball
1-0: Ball
2-0: Ball
3-0: Base on Balls
Batting: RHB David Simmons 0-0: Foul Ball, location: 2F
0-1: Foul Ball, location: 2F
0-2: Foul Ball, location: 2F
0-2: Ball
1-2: Ball
2-2: Fly out, F9 (Flyball, 89S)
Batting: RHB Bob Colbert 0-0: Fielders Choice at 2nd, 6-4 (Groundball, 6)
Batting: SHB Jason Dundee 0-0: Ball
1-0: Ball
2-0: Called Strike
2-1: Called Strike
2-2: Strikes out swinging
Bottom of the 8th over - 0 run(s), 0 hit(s), 0 error(s), 1 left on base; Coweta HS 7 - Madawaska Valley HS 0
TOP OF THE 9TH
Coweta HS Tigers batting - Pitching for Madawaska Valley HS Wolves : RHP Peyton Lill
Pitching: LHP Arthur Warren
Batting: SHB Mike Bryant 0-0: Fly out, F8 (Flyball, 8RM)
Batting: LHB Joe Mobley 0-0: Foul Ball, location: 2F
0-1: Foul Ball, location: 2F
0-2: Ball
1-2: Strikes out swinging
Batting: RHB Todd Slater 0-0: Called Strike
0-1: Reached on error, E5 (Groundball, 5L)
Batting: LHB Jamie Walker 0-0: Ball
Todd Slater steals 2nd base
1-0: Called Strike
1-1: Ball
2-1: Called Strike
2-2: Strikes out swinging
Top of the 9th over - 0 run(s), 0 hit(s), 1 error(s), 1 left on base; Coweta HS 7 - Madawaska Valley HS 0
BOTTOM OF THE 9TH
Madawaska Valley HS Wolves batting - Pitching for Coweta HS Tigers : RHP Ralph Lee
Now at C: Kevin Burris
Batting: LHB Carl Childs 0-0: Ball
1-0: Ball
2-0: Ball
3-0: Called Strike
3-1: Foul Ball, location: 2F
3-2: Foul Ball, location: 2F
3-2: Base on Balls
Batting: LHB Ricardo Carrillo 0-0: Ball
1-0: Foul Ball, location: 2F
1-1: Ball
2-1: Foul Ball, location: 2F
2-2: Fly out, F9 (Flyball, 9D)
Pitching: RHP Mario Salazar
Batting: LHB Marvin Martin 0-0: Ball
1-0: Ball
2-0: Foul Ball, location: 2F
2-1: Swinging Strike
2-2: Foul Ball, location: 2F
2-2: Strikes out swinging
Batting: RHB Alberto Flores 0-0: Ball
1-0: Called Strike
1-1: Called Strike
1-2: Ball
2-2: Foul Ball, location: 2F
2-2: Strikes out swinging
Bottom of the 9th over - 0 run(s), 0 hit(s), 0 error(s), 1 left on base; Coweta HS 7 - Madawaska Valley HS 0
Tuesday, August 8th, 2017 - OOTP Baseball 17.12 Build 75